 Dungeon Crawl Stone Soup version 0.18.1-1-g2f07953 (webtiles) character file.

5926 epen the Slicer (level 10, -1/144 HPs)
             Began as a Mottled Draconian Chaos Knight on May 6, 2016.
             Slain by Snorg the spiny frog (shapeshifter) (12 damage)
             ... on level 10 of the Dungeon.
             The game lasted 00:19:18 (9008 turns).

epen the Slicer (Mottled Draconian Chaos Knight)    Turns: 9008, Time: 00:19:19

Health: -1/144     AC: 28    Str: 16    XL:     10   Next: 53%
Magic:  0/10       EV:  2    Int: 10    God:    Xom [....*.]
Gold:   0          SH:  8    Dex: 15    Spells: 0 memorised, 9 levels left

rFire  + . .     SeeInvis .     (no weapon)
rCold  . . .     Gourm    .     (armour unavailable)
rNeg   + + +     Faith    .     i - +3 buckler {AC+3}
rPois  +         Spirit   +     (helmet currently unavailable)
rElec  .         Dismiss  .     (cloak currently unavailable)
rCorr  +         Reflect  .     (gloves currently unavailable)
SustAt .         Harm     .     (boots currently unavailable)
MR     .....     NoTele   +     z - amulet of guardian spirit
Stlth  +.........               D - ring of resist corrosion
                                s - ring of protection from fire

@: short of breath, tree-form, very slightly contaminated, not resistant to
hostile enchantments, very unstealthy
A: (breathe sticky flame splash), unfitting armour, (horns 0), (stinger 0),
(talons 0), agile 1, (cold resistance 0), dopey 1, robust 1, wild magic 1,
evolution 1, (cold-blooded), AC +7
a: Renounce Religion


You were on level 10 of the Dungeon.
You worshipped Xom.
You were a beloved toy of Xom.
You were very hungry.
You were a tree.
You visited 1 branch of the dungeon, and saw 10 of its levels.

Inventory:

Hand Weapons
 a - a +1 short sword of chaos
Armour
 i - a +3 buckler of protection (worn)
 A - a +0 cloak (melded)
Jewellery
 s - a ring of protection from fire (left branch)
 z - an amulet of guardian spirit (around neck)
 D - a ring of resist corrosion (right branch)
Wands
 n - a wand of iceblast (5/15)
 E - a wand of lightning (3/15)
Scrolls
 e - 3 scrolls of remove curse
 f - 4 scrolls of teleportation
 j - 3 scrolls of immolation
 r - a scroll of amnesia
 x - 2 scrolls of enchant armour
Potions
 c - a potion of mutation
 g - a potion of cancellation
 k - a potion of invisibility
 l - a potion of agility
 m - 2 potions of curing
 o - 4 potions of flight
 p - 2 potions of magic
 q - 2 potions of lignification
 v - a potion of brilliance {unknown}
 B - a potion of heal wounds {unknown}
 C - a potion of resistance
 G - a potion of berserk rage
Comestibles
 b - 11 bread rations
 d - 6 meat rations
 h - a royal jelly
 u - 8 beef jerkies
 w - 6 fruits
 F - 2 chunks of flesh


   Skills:
 + Level 7.9 Fighting
 * Level 9.9 Short Blades
 * Level 9.0 Dodging
 + Level 5.5 Shields


You had 9 spell levels left.
You didn't know any spells.

Dungeon Overview and Level Annotations

Branches:
Dungeon (10/15)            Temple (0/1) D:6            Lair (0/8) D:8
    Orc: D:9-12

Altars:
Dithmenos
Gozag
Okawaru
Pakellas
Qazlal
Ru
Xom
Yredelemnul
Zin

Annotations:
D:8 1 exclusion
D:10 Maurice, Snorg


Innate Abilities, Weirdness & Mutations

((You can spit globs of burning liquid.))
((You can ignite nearby creatures when you spit burning liquid.))
((Your weird mottled scales are hard (AC +7).))
Your body does not fit into most forms of armour.
((You are cold-blooded and may be slowed by cold attacks.))
((You have a pair of small horns on your head.))
((Your tail ends in a poisonous barb.))
((You have razor-sharp toenails.))
You are agile. (Dex +2)
((Your flesh is cold resistant.))
You are dopey. (Int -2)
You are robust (+10% HP).
Your spells are a little harder to cast, but a little more powerful.
You evolve.


Message History

Snorg is moderately wounded.
Snorg stings you but does no damage. Snorg stings you!
* * * LOW HITPOINT WARNING * * *
Unknown command.
Drink which item? (? for menu, Esc to quit)
You feel better. Snorg stings you but does no damage. x2
You hit Snorg but do no damage.
Snorg is moderately wounded.
Snorg stings you but does no damage. x2
You completely miss Snorg.
Snorg is moderately wounded.
You block Snorg's attack. x2
You smack Snorg!
Snorg is heavily wounded.
You block Snorg's attack.
You hit Snorg.
Snorg is severely wounded.
Snorg stings you!
You die...
Xom titters!

.# #.........# .#
#.........## .#
#..........# .# ####
#)........## .# #..##
##..<.....# .# ##...#
#.......## .# #....##
####)#### .###.....# ##F#
..#......# #.♣# #.......##
###.##### ##......#
##.......## #.....##
##.........## #....##
#...........##
####(.####............##
##.>.)#..............##
##....÷..)>............##
##....###................#


You could see Snorg the spiny frog shaped shifter.

Vanquished Creatures
  Fannar (D:10)
  A spiny frog (D:8)
  2 trolls (D:9)
  Prince Ribbit (D:7)
  Sigmund (D:2)
  2 orc warriors
  A black bear (D:10)
  2 necrophages
  3 ice beasts
  4 ogres
  4 centaurs
  2 crocodiles (D:8)
  3 big kobolds
  3 giant frogs
  4 scorpions
  10 killer bees
  2 wights (D:6)
  2 howler monkeys
  An electric eel (D:8)
  3 giant frog zombies
  7 crimson imps
  A centaur skeleton (D:7)
  3 orc priests
  4 hounds
  Natasha (thrice) (D:3)
  3 iguanas
  4 worker ants
  4 orc wizards
  2 killer bee zombies
  2 hound skeletons
  Robin (D:3)
  8 adders
  A shadow imp (D:4)
  3 oozes
  An adder zombie (D:9)
  2 worms (D:2)
  A worm (shapeshifter) (D:9)
  2 dart slugs
  7 giant geckos
  22 orcs
  A ball python (D:1)
  9 giant cockroaches
  15 goblins
  10 hobgoblins
  14 jackals
  2 quokkas
  5 bats
  A giant gecko skeleton (D:4)
  7 giant newts
  19 kobolds
  8 rats
224 creatures vanquished.

Vanquished Creatures (collateral kills)
  An ice beast (D:8)
  A scorpion (D:10)
  A wight (D:6)
  A crimson imp (D:6)
  A centaur skeleton (D:6)
  2 worker ants
  An adder (D:6)
8 creatures vanquished.

Grand Total: 232 creatures vanquished

Notes
Turn   | Place    | Note
--------------------------------------------------------------
     0 | D:1      | epen the Draconian Chaos Knight began the quest for the Orb.
     0 | D:1      | Reached XP level 1. HP: 19/19 MP: 1/1
   279 | D:1      | Reached XP level 2. HP: 25/26 MP: 2/2
   394 | D:1      | XOM: harmless Divn miscast
   412 | D:1      | XOM: give mutation
   412 | D:1      | Gained mutation: You are dopey. (Int -2) [Xom's mischief]
   586 | D:1      | Reached XP level 3. HP: 28/31 MP: 3/3
   753 | D:1      | XOM: vitrification
   778 | D:1      | XOM: give mutations
   778 | D:1      | Gained mutation: You are somewhat resistant to further mutation. [Xom's grace]
   778 | D:1      | Gained mutation: You are agile. (Dex +2) [Xom's grace]
   778 | D:1      | Gained mutation: Your spells are a little harder to cast, but a little more powerful. [Xom's grace]
   908 | D:2      | XOM: god gift: meat ration
   964 | D:2      | XOM: give mutations
   964 | D:2      | Gained mutation: You have sharp toenails. [Xom's grace]
   964 | D:2      | Gained mutation: You are robust (+10% HP). [Xom's grace]
  1025 | D:2      | XOM: swap monsters
  1035 | D:2      | XOM: noise
  1122 | D:1      | XOM: give mutations
  1122 | D:1      | Lost mutation: You are somewhat resistant to further mutation. [Xom's grace]
  1122 | D:1      | Gained mutation: You evolve. [Xom's grace]
  1122 | D:1      | Gained mutation: Your tail ends in a poisonous barb. [Xom's grace]
  1122 | D:1      | Gained mutation: Your muscles are strong. (Str +2) [Xom's grace]
  1122 | D:1      | Gained mutation: Your flesh is cold resistant. [Xom's grace]
  1426 | D:2      | Noticed Sigmund
  1436 | D:2      | Killed Sigmund
  1436 | D:2      | Reached XP level 4. HP: 41/44 MP: 4/4
  1436 | D:2      | Reached XP level 5. HP: 47/50 MP: 5/5
  1595 | D:2      | Found a sacrificial altar of Ru.
  1595 | D:2      | XOM: fake destruction
  1610 | D:2      | XOM: divination: detect items
  1666 | D:2      | XOM: enchant monster (good)
  1668 | D:2      | Reached skill level 5 in Short Blades
  1851 | D:3      | Reached XP level 6. HP: 57/57 MP: 6/6
  1854 | D:3      | Found a shadowy altar of Dithmenos.
  1855 | D:3      | Noticed Robin
  1903 | D:3      | Killed Robin
  2003 | D:3      | Noticed Natasha
  2015 | D:3      | Killed Natasha
  2058 | D:3      | Found a stormy altar of Qazlal.
  2194 | D:3      | Noticed Natasha
  2205 | D:3      | Killed Natasha
  2217 | D:3      | Noticed Natasha
  2223 | D:3      | Killed Natasha
  2370 | D:4      | XOM: divination: detect creatures
  2393 | D:3      | XOM: summons friendly chaos spawn
  2946 | D:4      | Your scales start taking on a weird mottled colour.
  2946 | D:4      | Reached XP level 7. HP: 50/66 MP: 7/7
  3042 | D:4      | Found a basalt altar of Yredelemnul.
  3222 | D:5      | Entered Level 5 of the Dungeon
  3234 | D:5      | Found a sacrificial altar of Ru.
  3312 | D:5      | Found an iron altar of Okawaru.
  3341 | D:5      | Reached skill level 5 in Fighting
  3341 | D:5      | Reached skill level 5 in Dodging
  3457 | D:5      | Gained mutation: You have razor-sharp toenails. [evolution]
  3567 | D:5      | XOM: cast spell 'Statue Form'
  4180 | D:5      | Reached skill level 1 in Shields
  4526 | D:6      | Reached XP level 8. HP: 52/74 MP: 8/8
  4569 | D:6      | Found a staircase to the Ecumenical Temple.
  4761 | D:6      | XOM: silly message
  4866 | D:6      | XOM: draining
  4890 | D:7      | Noticed Prince Ribbit
  4905 | D:7      | XOM: summons friendly iron imp
  4920 | D:7      | Killed Prince Ribbit
  5190 | D:7      | XOM: mild Summ miscast
  5534 | D:7      | XOM: enchant monster (bad)
  5547 | D:7      | XOM: confuse monster(s)
  5588 | D:7      | Reached XP level 9. HP: 42/82 MP: 9/9
  5722 | D:7      | XOM: mild Chrm miscast
  5784 | D:7      | XOM: divination: detect items
  5954 | D:7      | XOM: harmless Necr miscast
  6067 | D:7      | XOM: harmless Erth miscast
  6361 | D:8      | XOM: divination: detect creatures
  6389 | D:8      | Noticed a sphinx
  6404 | D:8      | Found a staircase to the Lair.
  6445 | D:8      | XOM: cast spell 'Call Canine Familiar'
  6887 | D:8      | XOM: summons 3 friendly demons
  6899 | D:8      | XOM: noise
  6900 | D:8      | Noticed a spiny frog
  6900 | D:8      | a hippogriff changed into a spiny frog
  6908 | D:8      | Killed a spiny frog
  6949 | D:8      | XOM: scenery: 1 doors close
  6952 | D:8      | Noticed an alligator snapping turtle
  6952 | D:8      | a sphinx changed into an alligator snapping turtle
  6952 | D:8      | XOM: polymorph sphinx -> alligator snapping turtle
  7245 | D:8      | XOM: confusion (+ monsters)
  7254 | D:8      | XOM: cast spell 'Hydra Form'
  7331 | D:8      | XOM: cast spell 'Metabolic Englaciation'
  7509 | D:9      | Noticed a troll
  7571 | D:9      | Killed a troll
  7748 | D:9      | XOM: summons 5 friendly demons
  7751 | D:9      | Reached XP level 10. HP: 94/94 MP: 10/10
  7867 | D:9      | XOM: summons 3 hostile shadow creatures
  8133 | D:9      | Reached skill level 5 in Shields
  8351 | D:9      | XOM: scenery: create altars
  8373 | D:9      | Found an oddly glowing altar of Pakellas.
  8376 | D:9      | Found a glowing silver altar of Zin.
  8379 | D:9      | Found an opulent altar of Gozag.
  8410 | D:9      | XOM: colour smoke trail
  8464 | D:9      | XOM: harmless Hex miscast
  8477 | D:9      | XOM: fog
  8498 | D:9      | XOM: fog
  8523 | D:9      | Gained mutation: You have a pair of small horns on your head. [potion of mutation]
  8523 | D:9      | Lost mutation: Your muscles are strong. (Str +2) [potion of mutation]
  8588 | D:10     | Entered Level 10 of the Dungeon
  8625 | D:10     | Found a stormy altar of Qazlal.
  8663 | D:10     | Noticed Snorg
  8665 | D:10     | XOM: god gift: scythe {god gift}
  8671 | D:10     | XOM: 6-stop teleportation journey
  8775 | D:10     | Noticed Maurice
  8778 | D:10     | XOM: cast spell 'Monstrous Menagerie'
  8875 | D:10     | XOM: noise
  8914 | D:10     | XOM: enchant monster (good)
  8932 | D:10     | Noticed Fannar
  8954 | D:10     | XOM: fog
  8957 | D:10     | XOM: divination: detect creatures
  8964 | D:10     | XOM: enchant monster (good)
  8970 | D:10     | Noticed Snorg
  8970 | D:10     | Snorg changed into Snorg the spiny frog
  8970 | D:10     | XOM: polymorph Snorg -> Snorg the spiny frog
  8992 | D:10     | Killed Fannar
  9003 | D:10     | HP: 1/144 [Snorg the spiny frog (shapeshifter) (10)]
  9008 | D:10     | Slain by Snorg the spiny frog (shapeshifter)

Skill      XL: |  1  2  3  4  5  6  7  8  9 10 |
---------------+-------------------------------+-----
Short Blades   | 4 5 6 7 9 |  9.9
Fighting       | 4 5 6 7 |  7.9
Dodging        | 3 4 5 6 8 9 |  9.0
Shields        | 1 3 4 5 |  5.5

Action                   |  1- 3 |  4- 6 |  7- 9 | 10-12 || total
-------------------------+-------+-------+-------+-------++-------
Melee: Short sword       |    99 |   171 |   485 |   241 ||   996
       Tailslap          |    10 |    19 |    94 |    40 ||   163
       Kick              |     3 |    34 |   166 |    85 ||   288
       Unarmed           |       |       |    10 |     5 ||    15
       Headbutt          |       |       |       |    25 ||    25
 Abil: Breathe Sticky Fl |       |       |     5 |     5 ||    10
  Use: Scroll            |       |     3 |    13 |     5 ||    21
       Potion            |       |       |       |     5 ||     5
 Stab: Sleeping          |     1 |     2 |     2 |       ||     5
       Paralysed         |       |     4 |     6 |     1 ||    11
       Petrifying        |       |     1 |       |     1 ||     2
       Confused          |       |       |     2 |       ||     2
       Distracted        |       |       |     1 |       ||     1
       Invisible         |       |       |       |     1 ||     1
  Eat: Chunk             |     1 |     6 |     8 |     2 ||    17
       Meat ration       |       |       |     1 |       ||     1
       Pizza             |       |       |     1 |       ||     1
Armor: Skin              |    25 |    34 |    91 |    41 ||   191
Dodge: Dodged            |    74 |    88 |   240 |    93 ||   495
Block: Buckler           |       |       |   113 |    66 ||   179
